 Dungeon Crawl Stone Soup version 0.30.1-9-gdf580d7c3d (webtiles) character file.

Game seed: 13517033840286803734

1512 monsoonserge the Thaumaturge (level 9, -5/55 HPs)
             Began as a Djinni Fire Elementalist on Oct 20, 2023.
             Was an Initiate of Elyvilon.
             Slain by an orc warrior
             ... wielding a +0 glaive
              (22 damage)
             ... on level 6 of the Dungeon.
             The game lasted 00:17:35 (5882 turns).

monsoonserge the Thaumaturge (DjFE)                 Turns: 5882, Time: 00:17:36

Health: -5/55      AC:  6    Str:  7    XL:     9   Next: 9%
Gold:   361        EV: 15    Int: 28    God:    Elyvilon [......] SH:  0 Dex: 13

rFire   + + +        j - staff of conjuration
rCold   x . .        (no shield)
rNeg    . . .        E - +0 ring mail {rF+}
rPois   ∞            (no helmet)
rElec   .            A - +0 cloak
rCorr   .            (no gloves)
SInv    .            (boots unavailable)
Will    .....        (no amulet)
Stlth   +            p - +5 ring of evasion
HPRegen 0.29/turn    o - +6 ring of intelligence
MPRegen 0.00/turn

%: infuse magic (-6 HP)
@: flying
A: sickness immunity, fire resistance 2, cold vulnerability 1, float, innate
caster, HP casting, extra vitality 1
a: Renounce Religion


You were on level 6 of the Dungeon.
You worshipped Elyvilon.
Elyvilon was noncommittal.
You visited 2 branches of the dungeon, and saw 7 of its levels.

You collected 405 gold pieces.
You spent 44 gold pieces at shops.

Inventory:

Hand Weapons
 e - a +2 vampiric short sword
 z - a +1 short sword of speed
 C - a +3 spear of venom
 D - a +1 falchion of holy wrath
Missiles
 t - 11 poisoned darts (quivered)
 B - 2 throwing nets
Armour
 u - a +0 leather armour
 A - a +0 cloak (worn)
 E - a +0 ring mail of fire resistance (worn)
Magical Staves
 j - a staff of conjuration (weapon)
Jewellery
 l - a +6 ring of strength
 o - a +6 ring of intelligence (right hand)
 p - a +5 ring of evasion (left hand)
Wands
 i - a wand of paralysis (9)
 r - a wand of polymorph (6)
Scrolls
 b - a scroll of butterflies {unknown}
 c - 9 scrolls of identify {unknown}
 f - 3 scrolls of vulnerability {unknown}
 k - a scroll of immolation {unknown}
 q - 5 scrolls of teleportation
 s - a scroll of amnesia {unknown}
 w - 2 scrolls of enchant armour {unknown}
 x - a scroll of poison {unknown}
 y - a scroll of brand weapon {unknown}
 F - a scroll of fear {unknown}
Potions
 a - a potion of flight {unknown}
 d - a potion of invisibility {unknown}
 g - a potion of lignification {unknown}
 h - 2 potions of mutation {unknown}
 m - 2 potions of might {unknown}
 n - a potion of brilliance {unknown}
 v - 2 potions of heal wounds {unknown}


   Skills:
 + Level 0.3 Fighting
 * Level 2.5 Armour
 + Level 2.4 Dodging
 - Level 2.0 Stealth
 * Level 8.2 Spellcasting


You knew the following spells:

 Your Spells              Type           Power      Damage    Failure   Level
a - Foxfire               Conj/Fire      100%       2x1d9     1%          1
b - Scorch                Fire           100%       2d9       1%          2
c - Volatile Blastmotes   Fire/Tloc      100%       2d18      1%          3
d - Inner Flame           Hex/Fire       55%        N/A       1%          3
e - Flame Wave            Conj/Fire      72%        2d16      5%          4
f - Apportation           Tloc           100%       N/A       1%          1
g - Searing Ray           Conj           100%       2d8       1%          2
h - Passwall              Tmut/Erth      45%        N/A       1%          2
i - Ozocubu's Armour      Ice            55%        N/A       1%          3
Your spell library was empty.

Dungeon Overview and Level Annotations

Branches:
Dungeon (6/15)             Temple (1/1) D:6

Altars:
Ashenzari
Cheibriados
Elyvilon
Fedhas
Gozag
Hepliaklqana
Makhleb
Nemelex Xobeh
Ru
Trog
Xom
Yredelemnul
Zin

Shops:
D:3 =?   D:6 :(=


Innate Abilities, Weirdness & Mutations

You are immune to sickness and miasma.
You are immune to poison.
Your flesh is very heat resistant. (rF++)
You are vulnerable to cold. (rC-)
You float through the air rather than walking.
You learn spells naturally, not from books.
Your magical power is your life essence.
You have superior vitality. (+4 MHP)


Message History

Confirm with . or Enter, or press ? or * to list all spells.
A cloud of volatile blastmotes flares up around you!
The orc warrior shouts!
An orc comes into view. It is wielding a +0 whip.
A gnoll comes into view. It is wielding a +0 club.
Things that are here:
a +0 dagger; a +0 robe
Casting: Volatile Blastmotes (safe; 1% risk of failure)
Confirm with . or Enter, or press ? or * to list all spells.
A cloud of volatile blastmotes flares up around you!
The orc wizard casts a spell at you. The puff of flame misses you.
The cloud of blastmotes explodes!
The concussive blast engulfs you but does no damage.
The cloud of blastmotes explodes!
The concussive blast engulfs the orc wizard!!
You kill the orc wizard!
You hear a shout! x2
Casting: Volatile Blastmotes (safe; 1% risk of failure)
Confirm with . or Enter, or press ? or * to list all spells.
Flames lash the orc warrior but do no damage.
Unknown command.
Casting: Scorch (safe; 1% risk of failure)
Confirm with . or Enter, or press ? or * to list all spells.
Flames lash the orc warrior.
The orc warrior is moderately wounded.
The orc warrior's fire resistance burns away.
The orc warrior hits you from afar with a +0 glaive!
Unknown command.
Casting: Scorch (safe; 1% risk of failure)
Confirm with . or Enter, or press ? or * to list all spells.
Flames lash the orc.
You kill the orc!
The orc warrior hits you from afar with a +0 glaive.
Unknown command.
Casting: Scorch (safe; 1% risk of failure)
Confirm with . or Enter, or press ? or * to list all spells.
You feel a surge of power!
You conjure some foxfire!
* * * LOW HITPOINT WARNING * * *
The orc warrior hits you from afar with a +0 glaive!!
You die...

#.....#.....#.##.####
....#.#.##.......#
.#. #......##.#..#
#....##.>....#..#
#.##......##....#
#....#.##....##.#
.##.#....##....#
......#.v...#.#
.##.##.#@.##.#.#
........v§.....#
#.######o########
#.g.oo)).# #(########


You could see an orc warrior (combustible, ally target).

Vanquished Creatures
  Grinder (D:5)
  An ice beast (D:3)
  2 ogres
  A phantom (D:5)
  A gnoll sergeant (D:5)
  4 scorpions
  A howler monkey (D:5)
  2 hounds
  2 orc priests
  Crazy Yiuf (D:5)
  2 sleepcaps
  2 iguanas
  4 orc wizards
  A mummy (D:3)
  4 gnolls (D:5)
  10 adders
  A shadow imp (D:3)
  A white imp (D:6)
  3 ufetubi
  A worm (D:3)
  3 dart slugs (D:1)
  13 orcs
  11 endoplasms
  6 giant cockroaches
  5 hobgoblins
  6 quokkas
  10 ball pythons
  10 bats
  5 frilled lizards
  10 goblins
  9 kobolds
  4 rats
137 creatures vanquished.

Vanquished Creatures (collateral kills)
  6 foxfires (D:6)
6 creatures vanquished.

Vanquished Creatures (others)
  224 foxfires
224 creatures vanquished.

Grand Total: 367 creatures vanquished

Notes
Turn   | Place    | Note
-------+----------+-------------------------------------------
     0 | D:1      | monsoonserge the Djinni Fire Elementalist began the quest
                  | for the Orb.
     0 | D:1      | monsoonserge set off with the following spells memorised:
                  | Foxfire, Scorch, Volatile Blastmotes, Inner Flame, Flame
                  | Wave.
     0 | D:1      | Reached XP level 1. HP: 15/15 MP: 0/0
   175 | D:1      | Reached XP level 2. HP: 21/21 MP: 0/0
   327 | D:1      | Reached skill level 3 in Spellcasting
   390 | D:1      | Reached XP level 3. HP: 21/25 MP: 0/0
   390 | D:1      | Learned a level 1 spell: Apportation
  1274 | D:2      | Reached XP level 4. HP: 23/31 MP: 0/0
  1406 | D:2      | Found a faded altar of an unknown god.
  1827 | D:2      | Found a glowing silver altar of Zin.
  2137 | D:3      | Found Jokhlo Kidy's Magic Scroll Shoppe.
  2156 | D:3      | Bought a scroll of teleportation for 33 gold pieces
  2156 | D:3      | Bought a scroll of noise for 11 gold pieces
  2227 | D:3      | Reached skill level 4 in Spellcasting
  2252 | D:3      | Noticed an ice beast
  2263 | D:3      | Killed an ice beast
  2264 | D:3      | Reached XP level 5. HP: 26/35 MP: 0/0
  2264 | D:3      | Learned a level 2 spell: Searing Ray
  2347 | D:3      | Reached XP level 6. HP: 37/40 MP: 0/0
  2362 | D:3      | Found a snail-covered altar of Cheibriados.
  2389 | D:3      | Found a basalt altar of Yredelemnul.
  2428 | D:3      | Found Xohyer's Jewellery Boutique.
  2760 | D:4      | Reached skill level 5 in Spellcasting
  2960 | D:4      | Reached XP level 7. HP: 33/45 MP: 0/0
  2960 | D:4      | Learned a level 2 spell: Passwall
  2992 | D:4      | Found an opulent altar of Gozag.
  3284 | D:4      | Reached skill level 1 in Armour
  3752 | D:5      | Entered Level 5 of the Dungeon
  3793 | D:5      | Reached skill level 6 in Spellcasting
  3868 | D:5      | Noticed Grinder
  4224 | D:5      | Reached XP level 8. HP: 46/50 MP: 0/0
  4231 | D:5      | Found a glowing silver altar of Zin.
  4231 | D:5      | Found a bloodstained altar of Trog.
  4318 | D:5      | Found a sacrificial altar of Ru.
  4486 | D:5      | Reached skill level 7 in Spellcasting
  4535 | D:5      | Found a runed translucent door.
  4536 | D:5      | Noticed Crazy Yiuf
  4543 | D:5      | Killed Crazy Yiuf
  4851 | D:5      | Killed Grinder
  5069 | D:6      | Found Yrovofry's Book Shop.
  5228 | D:6      | Found a sparkling altar of Nemelex Xobeh.
  5250 | D:6      | Found Kimyuqax's Antique Weapon Shop.
  5352 | D:6      | Reached skill level 8 in Spellcasting
  5352 | D:6      | Reached XP level 9. HP: 13/55 MP: 0/0
  5352 | D:6      | Learned a level 3 spell: Ozocubu's Armour
  5744 | D:6      | Found Zemie's Jewellery Emporium.
  5791 | D:6      | Found a staircase to the Ecumenical Temple.
  5796 | Temple   | Entered the Ecumenical Temple
  5841 | Temple   | Became a worshipper of Elyvilon the Healer
  5882 | D:6      | Slain by an orc warrior

Illustrated notes

Levels and vault maps discovered:
D:1:      ncdulo_lavacross, layout_basic
D:2:      layout_basic, hellmonk_ecumenical_altar_arch_garden, basic_altar,
          dreamdust_wishing_well, kennysheep_generic_room_15
D:3:      layout_basic, mainiacjoe_overflow_concentric_impassable, slow_altar_1,
          serial_shops, nicolae_shop_stone, nicolae_shop_trees,
          minmay_box_of_dots
D:4:      layout_layer_cave, mainiacjoe_overflow_alcove_2
D:5:      layout_loops_corners, nicolae_ru_great_annihilating_truth,
          gammafunk_temple_overflow_elements, uniq_grinder,
          uniq_crazy_yiuf_cottage
D:6:      layout_loops_cross, general_overflow_altar, minmay_temple_entry_ruins,
          serial_shops, shop, nicolae_shop_tiny_real_fake_doors,
          nicolae_shop_hallway_stairs, nicolae_shop_gaudy_bauble, shop,
          roderic_batcave, serial_bayou_lagoon_a
Temple:   hellmonk_temple_of_storms

Skill      XL: |  1  2  3  4  5  6  7  8 |
---------------+-------------------------+-----
Spellcasting   | 3 4 5 6 8 |  8.2
Armour         | 1 2 |  2.5
Stealth        | 2 |  2.0
Fighting       | |  0.3
Dodging        | |  2.4

Action                     |  1- 3 |  4- 6 |  7- 9 || total
---------------------------+-------+-------+-------++-------
  Melee: Unarmed           |     1 |       |       ||     1
         Short sword       |     1 |       |       ||     1
         Punch             |     1 |       |       ||     1
         Staff             |       |     2 |       ||     2
   Cast: Foxfire           |    43 |    44 |    45 ||   132
         Scorch            |    20 |    33 |    45 ||    98
         Volatile Blastmot |       |     2 |    26 ||    28
         Searing Ray       |       |     1 |       ||     1
         Flame Wave        |       |       |     1 ||     1
 Armour: Robe              |     2 |       |       ||     2
         Ring mail         |       |       |     2 ||     2
  Dodge: Dodged            |    11 |    20 |    11 ||    42
